 Dungeon Crawl Stone Soup version 0.23.2 (webtiles) character file.

Game seed: 12802633928834291245

1416 Kairos the Poker (level 9, -4/68 HPs)
             Began as a Formicid Abyssal Knight on Apr 9, 2019.
             Was a Priest of Lugonu.
             Slain by Menkaure (17 damage)
             ... on level 6 of the Dungeon.
             The game lasted 00:12:20 (6271 turns).

Kairos the Poker (Formicid Abyssal Knight)          Turns: 6271, Time: 00:12:21

Health: -4/68      AC: 14    Str: 21    XL:     9   Next: 2%
Magic:  10/10      EV:  8    Int: 11    God:    Lugonu [***...]
Gold:   168        SH: 13    Dex: 10    Spells: 4/8 levels left

rFire    . . .     SeeInvis +   a - +2 spear
rCold    . . .     Gourm    .   n - +0 shield
rNeg     + . .     Faith    .   g - +1 chain mail
rPois    .         Spirit   .   (helmet unavailable)
rElec    .         Reflect  +   i - +0 cloak
rCorr    .         Harm     .   j - +0 pair of gloves
MR       .....                  q - +0 pair of boots
Stlth    ..........             e - +3 amulet of reflection
HPRegen  0.21/turn              t - +1 ring of evasion
MPRegen  0.12/turn              o - ring of positive energy

@: no status effects
A: permanent stasis, dig shafts and tunnels, four strong arms, antennae 3
a: Dig, Shaft Self, Depart the Abyss, Bend Space, Banish, Renounce Religion


You were on level 6 of the Dungeon.
You worshipped Lugonu.
Lugonu was most pleased with you.
You were not hungry.

You visited 1 branch of the dungeon, and saw 6 of its levels.
You visited the Abyss 1 time.
You also visited: Sewer.

You collected 452 gold pieces.
You spent 284 gold pieces at shops.

Inventory:

Hand Weapons
 a - a +2 spear (weapon)
Armour
 g - a +1 chain mail (worn)
 i - a +0 cloak (worn)
 j - a +0 pair of gloves (worn)
 n - a +0 shield (worn)
 q - a +0 pair of boots (worn)
Jewellery
 e - a +3 amulet of reflection (around neck)
 o - a ring of positive energy (right hand)
 r - an uncursed amulet of guardian spirit
 s - an uncursed ring of wizardry
 t - a +1 ring of evasion (left hand)
 w - an uncursed amulet of the gourmand
Scrolls
 d - 4 scrolls of fog
 f - 4 scrolls of fear
 l - 9 scrolls of remove curse
 p - a scroll of amnesia
Potions
 b - a potion of might {unknown}
 h - 2 potions of flight {unknown}
 k - 5 potions of curing
 u - a potion of cancellation {unknown}
 z - a potion of heal wounds
 A - a potion of mutation {unknown}
 B - a potion of invisibility {unknown}
Comestibles
 c - 12 rations


   Skills:
 + Level 5.3 Fighting
 + Level 6.4 Polearms
 + Level 5.2 Armour
 + Level 2.5 Dodging
 + Level 0.5 Stealth
 + Level 6.0 Shields
 + Level 2.5 Invocations


You had 4 spell levels left.
You knew the following spells:

 Your Spells              Type           Power        Failure   Level  Hunger
a - Passage of Golubria   Tloc           N/A          100%        4    #####..

Your spell library contained the following spells:

 Spells                   Type           Power        Failure   Level  Hunger
 Passwall                 Tmut/Erth      #.......     100%        2    ###....
 Swiftness                Chrm/Air       #.......     100%        2    ###....
 Lee's Rapid Deconstruct  Erth           #.........   100%        5    ######.
 Darkness                 Hex            #.........   100%        6    #######
 Invisibility             Hex            #.......     100%        6    #######


Dungeon Overview and Level Annotations

Branches:
Dungeon (6/15)
 Temple: D:4-7

Altars:
Cheibriados
Okawaru
Qazlal

Shops:
D:4 ?

Annotations:
D:6 Menkaure, Sigmund


Innate Abilities, Weirdness & Mutations

You cannot be hasted, slowed, berserked, paralysed or teleported.
You can dig through walls and to a lower floor.
Your four strong arms can wield two-handed weapons with a shield.
You have a pair of large antennae on your head. (SInv)


Message History

You are too injured to fight recklessly!
You are too injured to fight recklessly!
You hit Menkaure.
Menkaure is almost destroyed.
Menkaure calls on the powers of darkness!
Your body is wracked with pain!
Your chain mail prevents you from hitting Menkaure.
Menkaure is almost destroyed.
You block Menkaure's attack.
You hit Menkaure but do no damage.
Menkaure is almost destroyed.
Sigmund screams, "Die, monster!"
Menkaure calls on the powers of darkness!
Your body is wracked with pain!
* * * LOW HITPOINT WARNING * * *
Sigmund convulses!
Your shield prevents you from hitting Menkaure.
Menkaure is almost destroyed.
Menkaure hits you!
You die...

#############.....#..
... #...(.#.# ..
#####.#.#)..
###############.#.#...
.......................
#..........##..#.#.#..
#..........###.#.#
#(...M.....# #...#
#.....@....# #...#
#..........# #...#
#..........# #...#
..#####@....###..(# .
#...........#.#
##......#####.#
#......# #.. #.######
#... #. { #(..


You could see Sigmund and Menkaure.

Vanquished Creatures
  Grinder (D:5)
  Eustachio (D:5)
  Purgy (Sewer)
  2 sky beasts
  An ogre (D:6)
  A bullfrog (D:6)
  A howler monkey (D:4)
  2 crimson imps (D:5)
  A bullfrog zombie (D:5)
  3 orc wizards
  A bullfrog skeleton (D:5)
  A hound (D:4)
  4 orc priests
  An iguana (D:5)
  3 worker ants (D:5)
  4 gnolls (D:2)
  3 adders
  A shadow imp (D:5)
  An ooze (D:1)
  An adder skeleton (D:4)
  2 adder zombies
  A worm (D:3)
  A dart slug (D:3)
  4 leopard geckos
  9 orcs
  4 bats
  4 giant cockroaches
  11 hobgoblins
  3 jackals (D:3)
  A quokka (D:2)
  7 frilled lizards
  11 goblins
  12 kobolds
  7 rats
111 creatures vanquished.

Notes
Turn   | Place    | Note
-------+----------+-------------------------------------------
     0 | Abyss:1  | Kairos the Formicid Abyssal Knight began the quest for the
                  | Orb.
     0 | Abyss:1  | Reached XP level 1. HP: 18/18 MP: 2/2
    93 | Abyss:3  | Found a corrupted altar of Lugonu.
   169 | Abyss:4  | Noticed a demonic crawler
   176 | D:1      | Escaped the Abyss
   232 | D:1      | Reached * piety under Lugonu
   244 | D:1      | Reached XP level 2. HP: 15/24 MP: 3/3
   475 | D:1      | Reached XP level 3. HP: 24/29 MP: 4/4
   936 | D:2      | Reached XP level 4. HP: 20/37 MP: 5/5
   947 | D:2      | Reached ** piety under Lugonu
  1314 | D:2      | Found an iron altar of Okawaru.
  1649 | D:3      | Reached skill level 1 in Dodging
  1649 | D:3      | Reached XP level 5. HP: 42/42 MP: 6/6
  2021 | D:3      | Found a snail-covered altar of Cheibriados.
  2120 | D:3      | Reached skill level 1 in Shields
  2474 | D:3      | Learned a level 4 spell: Passage of Golubria
  2590 | D:4      | Found Zosov's Magic Scroll Emporium.
  2683 | D:3      | Reached XP level 6. HP: 46/48 MP: 7/7
  3894 | D:4      | Bought a scroll of enchant weapon for 97 gold pieces
  3894 | D:4      | Bought a scroll of magic mapping for 45 gold pieces
  3894 | D:4      | Bought a scroll of enchant armour for 97 gold pieces
  3896 | D:4      | Bought a scroll of fear for 45 gold pieces
  3912 | D:5      | Entered Level 5 of the Dungeon
  3914 | D:5      | Noticed Eustachio
  4345 | D:5      | Killed Eustachio
  4345 | D:5      | Reached XP level 7. HP: 44/54 MP: 8/8
  4395 | D:5      | Found a glowing drain.
  4441 | Sewer    | Entered a sewer
  4471 | Sewer    | Noticed Purgy
  4503 | Sewer    | Killed Purgy
  4748 | D:5      | Reached skill level 5 in Polearms
  4748 | D:5      | Reached XP level 8. HP: 35/61 MP: 9/9
  4775 | D:5      | Reached *** piety under Lugonu
  5115 | D:5      | Noticed Grinder
  5406 | D:5      | Killed Grinder
  5406 | D:5      | Reached skill level 5 in Fighting
  5406 | D:5      | Reached skill level 5 in Shields
  5457 | D:5      | Found a stormy altar of Qazlal.
  5606 | D:5      | Reached skill level 5 in Armour
  5936 | D:5      | Found a stormy altar of Qazlal.
  6115 | D:6      | Reached XP level 9. HP: 47/68 MP: 10/10
  6261 | D:6      | Noticed Menkaure
  6262 | D:6      | Noticed Sigmund
  6271 | D:6      | Slain by Menkaure

Skill      XL: |  1  2  3  4  5  6  7  8  9 |
---------------+----------------------------+-----
Polearms       | 3 4 5 6 |  6.4
Dodging        | 1 2 |  2.5
Armour         | 3 4 5 |  5.2
Shields        | 1 3 4 5 6 |  6.0
Fighting       | 4 5 |  5.3
Stealth        | |  0.5
Invocations    | |  2.5

Action                   |  1- 3 |  4- 6 |  7- 9 || total
-------------------------+-------+-------+-------++-------
Melee: Spear             |   144 |   367 |   321 ||   832
Invok: Depart the Abyss  |     1 |       |       ||     1
 Abil: Dig               |     3 |       |     4 ||     7
  Use: Scroll            |     2 |     6 |     3 ||    11
       Potion            |     1 |     2 |       ||     3
  Eat: Chunk             |       |     8 |     1 ||     9
       Ration            |       |     1 |     2 ||     3
Armor: Chain mail        |    61 |   187 |   121 ||   369
       Skin              |       |     5 |       ||     5
Dodge: Dodged            |    22 |    87 |    69 ||   178
Block: Buckler           |    23 |       |       ||    23
       Shield            |    20 |   213 |   167 ||   400
       Reflection        |     1 |     3 |     2 ||     6
